 Dungeon Crawl Stone Soup version 0.29.1-15-g9cfb28693d (webtiles) character file.

Game seed: 11274027197214871330

2596 Silvore the Cleaver (level 9, -23/69 HPs)
             Began as a Demonspawn Monk on Apr 30, 2023.
             Was a Follower of Uskayaw.
             Shot with a sling bullet by Joseph (24 damage)
             ... on level 7 of the Dungeon.
             The game lasted 00:14:20 (7267 turns).

Silvore the Cleaver (Demonspawn Monk)               Turns: 7267, Time: 00:14:22

Health: -23/69     AC:  6    Str: 13    XL:     9   Next: 33%
Magic:  9/9        EV: 15    Int: 14    God:    Uskayaw [*.....]
Gold:   373        SH:  0    Dex: 38    Spells: 8/8 levels left

rFire   . . .      SeeInvis .   i - +4 broad axe "Vigeap" {flame, *Rage rPois Int+3 Dex+9 Stlth-}
rCold   . . .      Faith    .   (no shield)
rNeg    . . .      Spirit   .   b - +1 robe
rPois   +          Reflect  .   (no helmet)
rElec   .          Harm     +   k - scarf {harm}
rCorr   .          Rampage  .   (no gloves)
Will    .....      Rage     20% g - +2 pair of boots
Stlth   +++.......              (no amulet)
HPRegen 0.21/turn               n - +6 ring of dexterity
MPRegen 0.11/turn               (no ring)

@: confused, ambrosia-drunk, grasped by roots, on berserk cooldown, slowed,
constricted, very slow
A: claws 1, thin skeletal structure 2, powered by death 1
a: Renounce Religion, Stomp


You were on level 7 of the Dungeon.
You worshipped Uskayaw.
Uskayaw was noncommittal.
You visited 2 branches of the dungeon, and saw 8 of its levels.
You also visited: Ossuary.

You collected 373 gold pieces.

Inventory:

Hand Weapons
 a - a +0 hand axe of chaos
 d - the +8 long sword of Camn {freeze, +Blink rN+ Will+}
   (You found it on level 2 of the Dungeon)

   It freezes those it strikes, dealing additional cold damage.
   It can also slow down cold-blooded creatures.
   rN:        It protects you from negative energy.
   +Blink:    It lets you blink.
   Will:      It increases your willpower.
 i - the +4 broad axe "Vigeap" (weapon) {flame, *Rage rPois Int+3 Dex+9 Stlth-}
   (You acquired it on level 2 of the Dungeon)

   It burns those it strikes, dealing additional fire damage.
   Big, fiery blades are also staple armaments of hydra-hunters.
   Int:       It affects your intelligence (+3).
   Dex:       It affects your dexterity (+9).
   rPois:     It protects you from poison.
   *Rage:     It berserks you when you make melee attacks (+20% chance).
   Stlth:     It makes you less stealthy.
Armour
 b - a +1 robe (worn)
 g - a +2 pair of boots (worn)
 k - a scarf of harm (worn)
Jewellery
 n - a +6 ring of dexterity (left claw)
 o - the ring "Liasoesh" {Wiz Int+5 Dex-5}
   (You found it on level 3 of the Dungeon)

   [ring of wizardry]

   It improves your spell success rate.
   Int:       It affects your intelligence (+5).
   Dex:       It affects your dexterity (-5).
 v - a ring of poison resistance
Wands
 x - a wand of flame (13)
 A - a wand of paralysis (11)
Scrolls
 f - 3 scrolls of identify
 h - 5 scrolls of amnesia
 p - a scroll of magic mapping
 t - a scroll of butterflies
 y - a scroll of enchant weapon {unknown}
 z - 2 scrolls of fear
Potions
 c - a potion of ambrosia
 e - 5 potions of curing
 j - 2 potions of berserk rage
 l - a potion of magic
 m - 4 potions of attraction
 q - 2 potions of flight
 r - 2 potions of mutation
 s - 3 potions of lignification
 u - 2 potions of heal wounds {unknown}
 w - a potion of haste {unknown}


   Skills:
 + Level 6.1 Fighting
 + Level 9.0 Axes
 + Level 4.7 Dodging
 + Level 5.4 Stealth


You had 8 spell levels left.
You didn't know any spells.
Your spell library contained the following spells:

 Spells                   Type           Power      Damage    Failure   Level
 Necrotise                Necr           0%         1d4       28%         1
 Blink                    Tloc           0%         N/A       41%         2
 Call Canine Familiar     Summ           0%         N/A       65%         3
 Lesser Beckoning         Tloc           0%         N/A       65%         3
 Portal Projectile        Hex/Tloc       0%         N/A       65%         3
 Vampiric Draining        Necr           0%         2d6       65%         3
 Leda's Liquefaction      Hex/Erth       0%         N/A       96%         4
 Agony                    Necr           0%         N/A       100%        5
 Manifold Assault         Tloc           0%         N/A       100%        5


Dungeon Overview and Level Annotations

Branches:
Dungeon (7/15)             Temple (1/1) D:5         Ossuary (visited)

Altars:
Ashenzari
Dithmenos
Fedhas
Gozag
Hepliaklqana
Kikubaaqudgha
Makhleb
Nemelex Xobeh
Okawaru
Qazlal
Ru
Sif Muna
Trog
Uskayaw
Vehumet
Xom

Shops:
D:6 (*

Annotations:
D:7 Joseph


Innate Abilities, Weirdness & Mutations

You have sharp fingernails.
You have a moderately thin skeletal structure. (Dex +4, Stealth++)
You regenerate a little health from kills.


Message History

Joseph shoots a sling bullet.
The sling bullet barely misses you.
Uskayaw will force your foes to helplessly watch your dance.
Uskayaw prepares the audience for your solo!
Things that are here:
a +0 trident; a +0 chain mail; an orc corpse You feel a strong urge to attack something.
You are no longer berserk.
You are exhausted.
You feel yourself slow down.
Joseph is no longer paralysed.
Joseph shoots a sling bullet.
The sling bullet hits you.
Joseph shoots a sling bullet.
The sling bullet hits you!
Things that are here:
a +0 trident; a +0 chain mail; an orc corpse Joseph shoots a sling bullet.
The sling bullet hits you.
Joseph shoots a sling bullet.
The sling bullet hits you.
Things that are here:
a +0 whip; a +0 leather armour; an orc corpse Joseph zaps a wand.
The roots erupt in riotous growth!
The grasping roots grab you! The grasping roots constrict you.
You hear an angry hiss.
You escape the roots grasp.
Joseph shoots a sling bullet.
The sling bullet closely misses you.
Joseph zaps a wand.
The roots erupt in riotous growth!
The grasping roots grab you! The grasping roots constrict you.
You hear an angry hiss.
You escape the roots grasp.
Joseph zaps a wand.
The roots erupt in riotous growth!
The grasping roots grab you! The grasping roots constrict you.
* * * LOW HITPOINT WARNING * * *
You can no longer pass through a line of other dancers.
You are confused.
You feel invigorated.
Joseph shoots a sling bullet.
The sling bullet hits you!
* * * LOW HITPOINT WARNING * * *
The grasping roots constrict you.
* * * LOW HITPOINT WARNING * * *
Joseph shoots a sling bullet.
The sling bullet hits you!!
You die...

#.....#.#.# #######.#
#.....#.#.######### #.###
###.###...........# #...#
......# ###....####.# #.#.#
S####.# ######.# .# ######
#.###...##.# #.## ##_##
.........#)# #...# 8...8
........)).##....##.....#
............@....#8.....8
..........>.##.@..##.....##
.........### #...##8...8#
..###...## #.## # ##### .#
#


You could see Joseph.

Vanquished Creatures
  A water moccasin (D:5)
  2 orc warriors (D:7)
  3 black bears
  2 centaurs
  An elf zombie (D:4)
  2 phantoms (D:6)
  2 kobold brigands
  2 necrophages
  A bullfrog (D:7)
  An elf skeleton (D:4)
  4 scorpions
  A troll zombie (Ossuary)
  An electric eel (D:6)
  A centaur zombie (Ossuary)
  A jelly (D:6)
  3 hounds
  A human zombie (D:4)
  3 orc priests
  5 orc wizards
  3 iguanas
  2 human skeletons (D:4)
  3 ogre zombies (Ossuary)
  7 mummies (Ossuary)
  4 gnolls (D:4)
  8 adders
  A white imp (D:6)
  An ufetubus (D:5)
  5 adder zombies (Ossuary)
  A worm (D:4)
  A dart slug (D:1)
  34 orcs
  4 ball pythons
  6 bats
  11 endoplasms
  4 giant cockroaches
  A gnoll zombie (Ossuary)
  4 goblins
  5 hobgoblins
  4 jackals (D:3)
  3 quokkas
  3 frilled lizards (D:1)
  4 goblin zombies (Ossuary)
  A hobgoblin zombie (Ossuary)
  9 kobolds
  8 kobold zombies (Ossuary)
  2 orc zombies
  A quokka zombie (Ossuary)
  6 rats
  4 rat zombies (Ossuary)
187 creatures vanquished.

Vanquished Creatures (others)
  7 toadstools (D:1)
7 creatures vanquished.

Grand Total: 194 creatures vanquished

Notes
Turn   | Place    | Note
-------+----------+-------------------------------------------
     0 | D:1      | Silvore the Demonspawn Monk began the quest for the Orb.
     0 | D:1      | Reached XP level 1. HP: 18/18 MP: 1/1
   467 | D:1      | Gained mutation: You have a somewhat thin skeletal
                  | structure. (Dex +2, Stealth+) [demonic ancestry]
   467 | D:1      | Reached XP level 2. HP: 21/24 MP: 2/2
  1203 | D:2      | Identified the +8 long sword of Camn {freeze, +Blink rN+
                  | Will+}
  1225 | D:2      | Reached skill level 3 in Axes
  1433 | D:2      | Found a faded altar of an unknown god.
  1459 | D:2      | Gained mutation: You have sharp fingernails. [demonic
                  | ancestry]
  1459 | D:2      | Reached XP level 3. HP: 27/29 MP: 3/3
  1508 | D:2      | Identified a scroll of acquirement
  1509 | D:2      | Acquired the +4 broad axe "Vigeap" {flame, *Rage rPois
                  | Int+3 Dex+9 Stlth-}
  2277 | D:3      | Gained mutation: You have a moderately thin skeletal
                  | structure. (Dex +4, Stealth++) [demonic ancestry]
  2277 | D:3      | Reached XP level 4. HP: 12/35 MP: 4/4
  3131 | D:3      | Identified the ring "Liasoesh" {Wiz Int+5 Dex-5}
  3328 | D:4      | Reached XP level 5. HP: 22/41 MP: 5/5
  3329 | D:4      | Reached skill level 4 in Axes
  3364 | D:4      | Found a stormy altar of Qazlal.
  3394 | D:4      | Found a sand-covered staircase.
  3402 | Ossuary  | Entered an ossuary
  3623 | Ossuary  | Gained mutation: You regenerate a little health from kills.
                  | [demonic ancestry]
  3623 | Ossuary  | Reached XP level 6. HP: 42/48 MP: 6/6
  3756 | Ossuary  | Reached skill level 5 in Axes
  4231 | D:4      | Reached XP level 7. HP: 54/54 MP: 7/7
  4720 | D:4      | Reached skill level 6 in Axes
  5080 | D:5      | Entered Level 5 of the Dungeon
  5129 | D:5      | Reached XP level 8. HP: 48/61 MP: 8/8
  5161 | D:5      | Reached skill level 7 in Axes
  5196 | D:5      | Found a sparkling altar of Nemelex Xobeh.
  5215 | D:5      | Reached skill level 5 in Fighting
  5278 | D:5      | Found a staircase to the Ecumenical Temple.
  5287 | Temple   | Entered the Ecumenical Temple
  5312 | Temple   | Became a worshipper of Uskayaw the Reveller
  5312 | Temple   | Reached * piety under Uskayaw
  5647 | D:5      | Reached ** piety under Uskayaw
  5663 | D:5      | Reached *** piety under Uskayaw
  6018 | D:6      | Reached skill level 8 in Axes
  6075 | D:6      | Found Ojay's Assorted Antiques.
  6232 | D:6      | Found Woybiofu's Antique Weapon Emporium.
  6341 | D:6      | Found a bloodstained altar of Trog.
  6356 | D:6      | Reached XP level 9. HP: 55/69 MP: 9/9
  6828 | D:6      | You fall into a shaft and drop 1 floor!
  6868 | D:7      | Found a burning altar of Makhleb.
  6895 | D:7      | Reached skill level 5 in Stealth
  6900 | D:7      | Reached **** piety under Uskayaw
  7240 | D:7      | Noticed Joseph
  7258 | D:7      | Reached skill level 9 in Axes
  7267 | D:7      | HP: 1/69 [constriction (7)]
  7267 | D:7      | Shot with a sling bullet by Joseph

Illustrated notes

Levels and vault maps discovered:
D:1:      nagdon_arrival_double_spiral, layout_loops_ring
D:2:      layout_loops_ring, hellmonk_ecumenical_altar_leap_of_faith
D:3:      layout_basic
D:4:      layout_gridville, grunt_qazlal_clouds, nicolae_ossuary_entry_catacombs
D:5:      layout_rooms, mainiacjoe_overflow_tiny_flanked,
          lemuel_temple_firewalk_b
D:6:      layout_rooms, st_stairs_10, kennysheep_diamond,
          nicolae_wooded_promenade
D:7:      layout_loops_ring, nicolae_overflow_hidden_temple, uniq_joseph
Temple:   bh_familiar_temple

Skill      XL: |  1  2  3  4  5  6  7  8  9 |
---------------+----------------------------+-----
Dodging        | 3 4 |  4.7
Stealth        | 2 3 4 5 |  5.4
Axes           | 3 4 5 6 8 9 |  9.0
Fighting       | 4 5 6 |  6.1

Action                   |  1- 3 |  4- 6 |  7- 9 || total
-------------------------+-------+-------+-------++-------
Melee: Hand axe          |    56 |       |       ||    56
       Punch             |     2 |     2 |     1 ||     5
       Long sword        |    14 |       |       ||    14
       Broad axe         |    35 |    94 |   148 ||   277
  Use: Scroll            |     9 |     3 |    11 ||    23
       Potion            |       |       |     2 ||     2
 Stab: Sleeping          |    11 |    16 |     9 ||    36
       Paralysed         |       |       |     3 ||     3
Armor: Robe              |    32 |    19 |    26 ||    77
Dodge: Dodged            |   112 |    68 |   126 ||   306
